 Dungeon Crawl Stone Soup version 0.30.1-3-gfc49f6343a (webtiles) character file.

Game seed: 13748882258601597006

17 Heoruswealwe the Conjurer (level 2, -2/15 HPs)
             Began as a Deep Elf Conjurer on July 25, 2023.
             Slain by an orc
             ... wielding a +0 morningstar
              (8 damage)
             ... on level 2 of the Dungeon.
             The game lasted 00:09:58 (867 turns).

Heoruswealwe the Conjurer (Deep Elf Conjurer)        Turns: 867, Time: 00:09:59

Health: -2/15      AC:  2    Str:  4    XL:     2   Next: 44%
Magic:  8/8        EV: 12    Int: 22    God:
Gold:   51         SH:  0    Dex: 13    Spells: 5/8 levels left

rFire   . . .        a - staff of conjuration
rCold   . . .        (no shield)
rNeg    . . .        c - +0 robe
rPois   .            (no helmet)
rElec   .            (no cloak)
rCorr   .            (no gloves)
SInv    .            (no boots)
Will    .....        (no amulet)
Stlth   ++           (no ring)
HPRegen 0.22/turn    (no ring)
MPRegen 0.11/turn

%: no passive effects
@: no status effects
A: no striking features
a: no special abilities


You were on level 2 of the Dungeon.
You visited 1 branch of the dungeon, and saw 2 of its levels.

You collected 51 gold pieces.

Inventory:

Armour
 c - a +0 robe (worn)
 h - a scarf of invisibility
Magical Staves
 a - a staff of conjuration (weapon)
Scrolls
 d - 2 scrolls of identify {unknown}
 e - a scroll of immolation {unknown}
Potions
 f - a potion of curing {unknown}
 g - a potion of flight {unknown}


   Skills:
 - Level 2.4 Dodging
 - Level 2.4 Stealth
 + Level 3.7 Spellcasting
 + Level 4.8 Conjurations


You had 5 spell levels left.
You knew the following spells:

 Your Spells              Type           Power      Damage    Failure   Level
a - Magic Dart            Conj           100%       1d8       1%          1
b - Searing Ray           Conj           76%        2d7       2%          2

Your spell library contained the following spells:

 Spells                   Type           Power      Damage    Failure   Level
 Dazzling Flash           Conj/Hex       44%        N/A       13%         3
 Fulminant Prism          Conj/Hex       11%        3d8       38%         4
 Iskenderun's Mystic Bla  Conj/Tloc      22%        2d6       38%         4


Dungeon Overview and Level Annotations

Branches:
Dungeon (2/15)

Altars:
Yredelemnul

Annotations:
D:2 Sigmund


Message History

An orc comes into view. It is wielding a +0 flail.
Sigmund the Dreaded comes into view.
He is wielding a +0 scythe.
You hear a shout! x2
You feel a surge of power!
The magic dart hits the orc!
You kill the orc!
A giant cockroach comes into view.
An orc comes into view. It is wielding a +0 morningstar.
You feel a surge of power!
The magic dart hits the orc but does no damage.
You feel a surge of power!
The magic dart hits Sigmund but does no damage.
You feel a surge of power!
The magic dart hits the orc.
The orc is heavily wounded.
A giant cockroach comes into view.
You feel a surge of power!
The magic dart hits the orc but does no damage.
The orc is heavily wounded.
The orc misses you.
You feel a surge of power!
The magic dart hits the orc.
The orc is heavily wounded.
The orc hits you with a +0 morningstar.
You feel a surge of power!
The magic dart hits the orc but does no damage.
The orc is heavily wounded.
The orc hits you with a +0 morningstar!
Ouch! That really hurt!
A goblin comes into view. It is wielding a +0 dagger.
You are too injured to fight recklessly!
Casting: Magic Dart (safe; 1% risk of failure)
Confirm with . or Enter, or press ? or * to list all spells.
Aiming: Magic Dart (safe; 1% risk of failure)
Press: ? - help, Shift-Dir - straight line, f/p - orc
Aim: an orc, wielding a +0 morningstar and wearing a +0 ring mail (heavily wounded, 100% to hit)
You feel a surge of power!
The magic dart hits the orc but does no damage.
The orc is heavily wounded.
The orc closely misses you. Magic courses through your body.
The orc hits you with a +0 morningstar!
Ouch! That really hurt!
You die...

#..##.# #.## .#
#.# .# #.# .#
#.# #)# #.###
#.#
......########.#
.......@oBo@...#
...g..##########
..... ..o. .o@
B. .


You could see Sigmund, 2 orcs and a giant cockroach.

Vanquished Creatures
  An orc (D:2)
  A ball python (D:1)
  A bat (D:1)
  4 endoplasms (D:1)
  2 goblins (D:1)
  2 frilled lizards (D:1)
  2 kobolds (D:1)
  A rat (D:1)
14 creatures vanquished.

Notes
Turn   | Place    | Note
-------+----------+-------------------------------------------
     0 | D:1      | Heoruswealwe the Deep Elf Conjurer began the quest for the
                  | Orb.
     0 | D:1      | Reached XP level 1. HP: 10/10 MP: 6/6
   226 | D:1      | Reached XP level 2. HP: 15/15 MP: 4/8
   229 | D:1      | Learned a level 2 spell: Searing Ray
   370 | D:1      | Found a faded altar of an unknown god.
   482 | D:1      | Prayed at the altar of an unknown god.
   482 | D:1      | Became a worshipper of Yredelemnul the Dark
   482 | D:1      | Reached * piety under Yredelemnul
   483 | D:1      | Fell from the grace of Yredelemnul
   852 | D:2      | Noticed Sigmund
   867 | D:2      | Slain by an orc

Illustrated notes

Levels and vault maps discovered:
D:1:      ncdulo_halloftheorcs, layout_loops_ring, shapermc_ecumenical_altar_gd
D:2:      layout_rooms, uniq_sigmund

Action                     || total
---------------------------++-------
  Melee: Unarmed           ||    80
         Punch             ||     1
   Cast: Magic Dart        ||    30
 Invoke: Renounce Religion ||     1
    Use: Potion            ||     1
 Armour: Robe              ||     1
  Dodge: Dodged            ||     6
